 Dungeon Crawl Stone Soup version 0.29.1-15-g9cfb28693d (webtiles) character file.

Game seed: 736683601426007115

652 safid the Chiller (level 7, -2/55 HPs)
             Began as a Merfolk Ice Elementalist on Mar 29, 2023.
             Slain by an ufetubus (5 damage)
             ... on level 5 of the Dungeon.
             The game lasted 00:07:04 (4785 turns).

safid the Chiller (Merfolk Ice Elementalist)        Turns: 4785, Time: 00:07:05

Health: -2/55      AC:  0    Str: 12    XL:     7   Next: 54%
Magic:  13/13      EV: 12    Int: 19    God:
Gold:   394        SH:  0    Dex: 12    Spells: 8/15 levels left

rFire   + . .      SeeInvis .   i - +0 short sword
rCold   . . .      Faith    .   (no shield)
rNeg    . . .      Spirit   .   b - +2 robe {Archmagi}
rPois   .          Reflect  .   (no helmet)
rElec   .          Harm     .   l - +2 cloak
rCorr   .          Rampage  .   f - +0 pair of gloves
Will    .....      Archmagi +   (no boots)
Stlth   ++........              (no amulet)
HPRegen 0.18/turn               g - ring of wizardry
MPRegen 0.13/turn               q - ring of protection from fire

@: corroded
A: (nimble swimmer 2), mertail, clever 1, passive freeze, strong 1, MP-powered
wands
a: no special abilities


You were on level 5 of the Dungeon.
You visited 2 branches of the dungeon, and saw 6 of its levels.

You collected 394 gold pieces.

Inventory:

Hand Weapons
 i - a +0 short sword (weapon)
Missiles
 t - 2 throwing nets
Armour
 b - a +2 robe of the Archmagi (worn)
 f - a +0 pair of gloves (worn)
 l - a +2 cloak (worn)
Jewellery
 g - a ring of wizardry (left hand)
 q - a ring of protection from fire (right hand)
Wands
 n - a wand of charming (6)
Scrolls
 a - a scroll of summoning {unknown}
 c - 7 scrolls of identify {unknown}
 d - 3 scrolls of teleportation {unknown}
 e - 3 scrolls of fear {unknown}
 h - a scroll of immolation {unknown}
 m - a scroll of enchant armour
 r - a scroll of vulnerability {unknown}
Potions
 j - a potion of attraction {unknown}
 o - a potion of cancellation
 p - a potion of ambrosia {unknown}
 s - a potion of might {unknown}


   Skills:
 + Level 4.8 Fighting
 - Level 2.6 Dodging
 - Level 2.1 Stealth
 + Level 4.6 Spellcasting
 + Level 6.6 Ice Magic


You had 8 spell levels left.
You knew the following spells:

 Your Spells              Type           Power      Damage    Failure   Level
a - Freeze                Ice            100%       1d11      1%          1
b - Frozen Ramparts       Ice            88%        1d14      1%          3
c - Ozocubu's Armour      Ice            44%        N/A       1%          3

Your spell library contained the following spells:

 Spells                   Type           Power      Damage    Failure   Level
 Foxfire                  Conj/Fire      24%        2x1d5     5%          1
 Magic Dart               Conj           24%        1d4       5%          1
 Call Imp                 Summ           6%         N/A       9%          2
 Hailstorm                Conj/Ice       25%        3d7       13%         4
 Conjure Flame            Conj/Fire      6%         6-21      16%         3
 Inner Flame              Hex/Fire       6%         N/A       16%         3
 Mephitic Cloud           Conj/Pois/Air  6%         N/A       16%         3
 Flame Wave               Conj/Fire      6%         2d5       45%         4


Dungeon Overview and Level Annotations

Branches:
Dungeon (5/15)             Temple (1/1) D:4

Altars:
Ashenzari
Cheibriados
Dithmenos
Elyvilon
Fedhas
Hepliaklqana
Kikubaaqudgha
Makhleb
Nemelex Xobeh
Okawaru
Ru
Sif Muna
Trog
Uskayaw
Wu Jian
Xom
Yredelemnul
Zin
The Shining One


Innate Abilities, Weirdness & Mutations

((You are very nimble when in or above water. (Stealth+, EV+, Speed+++)))
Your lower body shifts to a powerful aquatic tail in water.
Your mind is acute. (Int +4, Str/Dex -1)
A frigid envelope surrounds you and freezes all who hurt you.
Your muscles are strong. (Str +4, Int/Dex -1)
You expend magic power (3 MP) to strengthen your wands.


Message History

You hit the jelly.
Your hands burn!
The jelly is lightly wounded.
The jelly hits you but does no damage.
You hit the jelly.
Your hands burn!
The jelly is heavily wounded.
The jelly barely misses you.
The ufetubus hits you but does no damage. x2
You hit the jelly but do no damage. The acid corrodes you!
Your hands burn!
The jelly is heavily wounded.
The ufetubus barely misses you. The ufetubus hits you. The jelly hits you.
You are splashed with acid!
An ogre comes into view. It is wielding a +0 giant club.
The ufetubus hits you. The ufetubus misses you. The jelly closely misses you.
You are too injured to fight recklessly!
You are too injured to fight recklessly!
You are too injured to fight recklessly!
You are too injured to fight recklessly!
You are too injured to fight recklessly!
Unknown command.
The jelly attacks as you move away! The jelly hits you. The acid corrodes you!
You are splashed with acid!
* * * LOW HITPOINT WARNING * * *
The ufetubus attacks as you move away! The ufetubus hits you.
* * * LOW HITPOINT WARNING * * *
The ufetubus hits you.
* * * LOW HITPOINT WARNING * * *
Unknown command.
Unknown command.
It was a potion of mutation.
You feel extremely strange.
Your skin feels very cold.
You feel stronger.
You feel clever.
You feel your magical essence link to the dungeon's wands.
The ufetubus misses you. The ufetubus barely misses you.
The ufetubus completely misses you. The ufetubus hits you.
* * * LOW HITPOINT WARNING * * *
The jelly closely misses you.
Unknown command.
As you read the scroll labelled ESAUQI FUGA, it crumbles to dust.
It is a scroll of enchant armour.
Your +1 cloak glows green for a moment.
The ufetubus hits you.
You die...

...............
#.#<#
................
#.#.#
................
#.#.#
................
#...#
................#
#####
(...........).... #
................# #
.......s5J......#
.# #
........@.......#
.. #
................#
#.###
................#
#....
..O.............#
####.
................#
##
.(.........)....# #
...........(....# #
...............>###
###
..................#
#..


You could see an ogre (wandering), a scorpion, a jelly and an ufetubus.

Vanquished Creatures
  Sigmund (D:4)
  An ogre (D:4)
  A gnoll sergeant (D:5)
  2 scorpions (D:4)
  A hound (D:5)
  A jelly (D:4)
  An orc wizard (D:3)
  7 gnolls
  2 adders
  4 dart slugs
  6 orcs
  9 endoplasms
  3 giant cockroaches
  4 goblins
  6 hobgoblins
  2 quokkas
  6 ball pythons
  4 bats
  2 frilled lizards (D:1)
  4 kobolds
  3 rats
70 creatures vanquished.

Vanquished Creatures (others)
  A fungus (D:4)
  5 plants (D:4)
  5 toadstools (D:4)
11 creatures vanquished.

Grand Total: 81 creatures vanquished

Notes
Turn   | Place    | Note
-------+----------+-------------------------------------------
     0 | D:1      | safid the Merfolk Ice Elementalist began the quest for the
                  | Orb.
     0 | D:1      | Reached XP level 1. HP: 13/13 MP: 3/3
   436 | D:1      | Reached XP level 2. HP: 20/20 MP: 1/5
   492 | D:1      | Reached skill level 1 in Fighting
   530 | D:1      | Found a faded altar of an unknown god.
   855 | D:1      | Reached XP level 3. HP: 24/26 MP: 4/6
  1231 | D:2      | Learned a level 3 spell: Frozen Ramparts
  2499 | D:3      | Reached skill level 5 in Ice Magic
  2499 | D:3      | Reached XP level 4. HP: 33/33 MP: 4/8
  2536 | D:3      | Learned a level 3 spell: Ozocubu's Armour
  3205 | D:4      | Noticed Sigmund
  3225 | D:4      | Killed Sigmund
  3226 | D:4      | Reached XP level 5. HP: 28/41 MP: 6/10
  3226 | D:4      | Reached XP level 6. HP: 32/47 MP: 6/11
  3379 | D:4      | Reached skill level 6 in Ice Magic
  3498 | D:4      | Found a staircase to the Ecumenical Temple.
  3540 | D:4      | Reached XP level 7. HP: 54/54 MP: 6/13
  3552 | Temple   | Entered the Ecumenical Temple
  4141 | D:4      | Identified the +3 robe of the Disturbing Eyes {Regen+ Str+3
                  | Int-5 Dex+4}
  4262 | D:4      | Found a hazy altar of Hepliaklqana.
  4262 | D:4      | Found an ancient bone altar of Kikubaaqudgha.
  4526 | D:5      | Entered Level 5 of the Dungeon
  4784 | D:5      | Gained mutation: A frigid envelope surrounds you and
                  | freezes all who hurt you. [potion of mutation]
  4784 | D:5      | Gained mutation: Your muscles are strong. (Str +4, Int/Dex
                  | -1) [potion of mutation]
  4784 | D:5      | Gained mutation: Your mind is acute. (Int +4, Str/Dex -1)
                  | [potion of mutation]
  4784 | D:5      | Gained mutation: You expend magic power (3 MP) to
                  | strengthen your wands. [potion of mutation]
  4785 | D:5      | Slain by an ufetubus

Illustrated notes

Levels and vault maps discovered:
D:1:      shiori_shiawase, layout_basic, hellmonk_ecumenical_altar_heavens_door,
          grunt_decor_clamped, minmay_misc_feat_iff, minmay_tromino_v4_a
D:2:      layout_rooms
D:3:      layout_basic, serial_park_tiny_2
D:4:      layout_basic, gammafunk_temple_overflow_statue,
          minmay_temple_entry_waves, serial_forest,
          infiniplex_forest_clump_large, infiniplex_forest_clump_medium,
          infiniplex_forest_fountain, infiniplex_forest_clump_large,
          infiniplex_forest_lined_room_2, infiniplex_forest_clump_small,
          infiniplex_forest_corner_1, minmay_gold_behind_fungi, uniq_sigmund
D:5:      layout_basic, small_statue_intersection,
          chequers_serial_rivers_large_a
Temple:   minmay_crystal_spiral_temple

Skill      XL: |  1  2  3  4  5  6 |
---------------+-------------------+-----
Fighting       | 1 2 3 4 |  4.8
Ice Magic      | 5 6 |  6.6
Spellcasting   | 3 4 |  4.6
Dodging        | |  2.6
Stealth        | |  2.1

Action                   |  1- 3 |  4- 6 |  7- 9 || total
-------------------------+-------+-------+-------++-------
Melee: Short sword       |    90 |    17 |    18 ||   125
       Punch             |     4 |       |       ||     4
 Cast: Freeze            |    30 |     8 |       ||    38
       Frozen Ramparts   |     2 |    12 |     7 ||    21
       Ozocubu's Armour  |       |     3 |     4 ||     7
  Use: Potion            |       |     2 |     1 ||     3
       Scroll            |       |       |     1 ||     1
 Stab: Sleeping          |     3 |     1 |     2 ||     6
Armor: Robe              |    43 |    19 |    12 ||    74
Dodge: Dodged            |    85 |    24 |    28 ||   137
